 Dungeon Crawl Stone Soup version 0.31-a0-188-g5e087ee2ca (webtiles) character file.

Game seed: 10163103791352202184

103 qw the Shooter (level 4, -5/25 HPs)
             Began as a Deep Elf Hunter on June 22, 2023.
             Slain by a sleepcap (8 damage)
             ... on level 4 of the Dungeon.
             The game lasted 00:00:44 (1638 turns).

qw the Shooter (Deep Elf Hunter)                    Turns: 1638, Time: 00:00:44

Health: -5/25      AC:  6    Str: 10    XL:     4   Next: 51%
Magic:  6/6        EV:  2    Int: 14    God:
Gold:   241        SH:  0    Dex: 18    Spells: 3/3 levels left

rFire   . . .        Y - +0 shortbow (flame)
rCold   . . .        (shield currently unavailable)
rNeg    . . .        l - +1 ring mail
rPois   .            (no helmet)
rElec   .            (no cloak)
rCorr   +            (no gloves)
SInv    .            (no boots)
Will    .....        (no amulet)
Stlth   +            k - ring of resist corrosion
HPRegen 0.24/turn    (no ring)
MPRegen 0.10/turn

%: no passive effects
@: sleeping
A: no striking features
a: no special abilities


You were on level 4 of the Dungeon.
You visited 1 branch of the dungeon, and saw 4 of its levels.

You collected 241 gold pieces.


   Skills:
 - Level 1.5 Fighting
 + Level 7.9 Ranged Weapons
 - Level 2.4 Dodging
 - Level 1.2 Stealth


You had 3 spell levels left.
You didn't know any spells.
Your spell library was empty.

Inventory:

Hand Weapons
 Y - a +0 shortbow of flaming (weapon)
Armour
 l - a +1 ring mail (worn)
Jewellery
 k - a ring of resist corrosion (left hand)
Scrolls
 a - a scroll of identify
 c - a scroll of teleportation
Potions
 b - a potion of heal wounds
 d - a potion of haste
 f - a potion of mutation {unknown}
 h - a potion of curing
 j - a potion of cancellation {unknown}
 m - a potion of berserk rage {unknown}
 n - a potion of might {unknown}
 o - a potion of lignification {unknown}
 p - a potion of attraction {unknown}

Dungeon Overview and Level Annotations

Branches:
Dungeon (4/15)
 Temple: D:4-7

Altars:
Cheibriados
Hepliaklqana
Uskayaw


Message History

The arrow hits the adder but does no damage.
A sleepcap comes into view.
The adder bites you.
You shoot an arrow. The arrow misses the adder.
The arrow hits the orc.
The arrow burns the orc.
You kill the orc!
The adder bites you but does no damage. The adder closely misses you.
You shoot an arrow. The arrow misses the adder.
The arrow hits the sleepcap!
The arrow burns the sleepcap.
The sleepcap is moderately damaged.
The adder barely misses you.
You shoot an arrow. The arrow barely misses the adder.
The arrow hits the sleepcap but does no damage.
The sleepcap is moderately damaged.
The adder barely misses you. The adder bites you but does no damage.
The orc priest looks encouraged for a moment.
You shoot an arrow. The arrow hits the adder.
The arrow burns the adder.
The adder is severely wounded.
The adder barely misses you.
The orc priest invokes the aid of Beogh against you.
Beogh smites you!
Ouch! That really hurt!
The adder barely misses you.
You shoot an arrow. The arrow misses the adder.
The arrow hits the sleepcap but does no damage.
The sleepcap is moderately damaged.
The adder bites you but does no damage.
You shoot an arrow. The arrow hits the adder.
The arrow burns the adder.
You kill the adder!
You shoot an arrow. The arrow hits the sleepcap.
The arrow burns the sleepcap.
The sleepcap is heavily damaged.
The sleepcap barely misses you. The sleepcap releases spores at you.
The orc priest begins to cast a cantrip, but forgets the words!
You shoot an arrow. The arrow hits the sleepcap.
The arrow burns the sleepcap.
The sleepcap is heavily damaged.
The sleepcap releases spores at you.
You are engulfed in a cloud of soporific spores!
You fall asleep.
The sleepcap releases spores at you!
You die... #################### ......#............# ......+............# ......#.... ..... ...#..... ooo

##.....##### #f#
#####......# #@#
.........#.# #.#
......>..#.# #.#
#........#.#####.#
#........#.......#
#..<....##.......#
#.###....+.......#
#.. ...###.......#
.## ##.# #.......#


You could see a sleepcap, an orc priest and 2 orcs.

Vanquished Creatures
  4 adders
  4 worms (D:2)
  A dart slug (D:1)
  2 orcs (D:4)
  3 endoplasms
  2 giant cockroaches (D:2)
  2 goblins (D:2)
  4 hobgoblins
  6 kobolds
  6 quokkas
  6 ball pythons
  5 bats
  5 frilled lizards
50 creatures vanquished.

Notes
Turn   | Place    | Note
-------+----------+-------------------------------------------
     0 | D:1      | qw the Deep Elf Hunter began the quest for the Orb.
     0 | D:1      | Reached XP level 1. HP: 12/12 MP: 3/3
     0 | D:1      | 0 ||| qw: Version: 0.3-a-9-g12657ce
     0 | D:1      | 0 ||| qw: Game counter: 2916
     0 | D:1      | 0 ||| qw: Always use a shield: true
     0 | D:1      | 0 ||| qw: God list: Okawaru
     0 | D:1      | 0 ||| qw: Allow faded altars: false
     0 | D:1      | 0 ||| qw: Do Orc after D:15 true
     0 | D:1      | 0 ||| qw: Do second Lair branch before Depths: true
     0 | D:1      | 0 ||| qw: Lair rune preference: random
     0 | D:1      | 0 ||| qw: Plans: Normal
     0 | D:1      | 0 ||| PLANNING D:1-11
   239 | D:1      | Found a faded altar of an unknown god.
   259 | D:1      | Reached skill level 6 in Ranged Weapons
   259 | D:1      | Reached XP level 2. HP: 16/16 MP: 4/4
   520 | D:1      | 520 ||| READING 2 scrolls labelled QIPTED RAAGIST.
   521 | D:1      | 521 ||| READING 2 scrolls labelled POFERO JEJIZ.
   526 | D:1      | 526 ||| READING scroll labelled XOPSES XAEGYUNT.
   527 | D:1      | 527 ||| DROPPING scroll of butterflies.
   573 | D:2      | HP: 4/16 [poisoned by an adder]
   573 | D:2      | HP: 1/16 [adder (3)]
   574 | D:2      | 574 ||| READING scroll of teleportation.
   582 | D:2      | Reached XP level 3. HP: 3/20 MP: 5/5
   705 | D:2      | Reached skill level 7 in Ranged Weapons
  1015 | D:2      | 1015 ||| UPGRADING to ring of resist corrosion.
  1016 | D:2      | 1016 ||| READING 2 scrolls labelled REL PIPROGH.
  1017 | D:2      | 1017 ||| READING scroll labelled GIMIXOI ENERCHUIN.
  1018 | D:2      | 1018 ||| READING 3 scrolls of identify.
  1018 | D:2      | 1018 ||| IDENTIFYING puce potion
  1019 | D:2      | 1019 ||| READING 2 scrolls of identify.
  1019 | D:2      | 1019 ||| IDENTIFYING lumpy golden potion
  1020 | D:2      | 1020 ||| DROPPING scroll of immolation.
  1034 | D:3      | Reached XP level 4. HP: 25/25 MP: 6/6
  1171 | D:3      | Found a hazy altar of Hepliaklqana.
  1272 | D:3      | Found a snail-covered altar of Cheibriados.
  1301 | D:3      | Found a hide-covered altar of Uskayaw.
  1544 | D:3      | 1544 ||| UPGRADING to +0 ring mail.
  1554 | D:3      | 1554 ||| DROPPING +0 leather armour.
  1555 | D:3      | 1555 ||| READING 3 scrolls labelled YSOSATI ITUT.
  1556 | D:3      | 1556 ||| READING 2 scrolls labelled PIABUF XIREH.
  1557 | D:3      | 1557 ||| READING scroll of enchant armour.
  1557 | D:3      | 1557 ||| ENCHANTING +0 ring mail.
  1558 | D:3      | 1558 ||| DRINKING 2 golden potions.
  1559 | D:3      | 1559 ||| READING 2 scrolls of identify.
  1559 | D:3      | 1559 ||| IDENTIFYING sedimented puce potion
  1560 | D:3      | 1560 ||| DROPPING potion of brilliance.
  1561 | D:3      | 1561 ||| DROPPING 2 scrolls of fear.
  1637 | D:4      | HP: 3/25 [sleepcap (6)]
  1638 | D:4      | Slain by a sleepcap

Levels and vault maps discovered:
D:1:      lemuel_arrival_behind_the_door_large, layout_basic,
          shapermc_ecumenical_altar_mp_urbaneastern, minmay_stone_trees_small
D:2:      layout_rooms
D:3:      layout_loops_cross, lemuel_tele_altar, eat_drink_and_be_merry_uskayaw,
          old_standard_altar
D:4:      layout_basic, mainiacjoe_overflow_swirl,
          mainiacjoe_overflow_cross_hatched, temple_hall

Skill      XL: |  1  2  3 |
---------------+----------+-----
Ranged Weapons | 6 7 |  7.9
Fighting       | |  1.5
Dodging        | |  2.4
Stealth        | |  1.2

Action                     |  1- 3 |  4- 6 || total
---------------------------+-------+-------++-------
   Fire: Shortbow          |   110 |    36 ||   146
    Use: Scroll            |     8 |     4 ||    12
         Potion            |       |     1 ||     1
 Armour: Leather armour    |    10 |     4 ||    14
         Ring mail         |       |     4 ||     4
  Dodge: Dodged            |    28 |    13 ||    41

Table legend:
 A = Non-vault XP
 B = Vault XP
 C = Vault XP percentage of total XP
 D = Non-vault monster count
 E = Vault monster count
 F = Vault count percentage of total count
                 A         B        C        D         E       F
            +---------+---------+-------+---------+---------+-------
      Total |     148 |       0 |   0.0 |      50 |       0 |   0.0
            +---------+---------+-------+---------+---------+-------
        D:1 |      23 |       0 |   0.0 |      12 |       0 |   0.0
        D:2 |      73 |       0 |   0.0 |      23 |       0 |   0.0
        D:3 |      29 |       0 |   0.0 |      10 |       0 |   0.0
        D:4 |      23 |       0 |   0.0 |       5 |       0 |   0.0
            +---------+---------+-------+---------+---------+-------
